 Dungeon Crawl Stone Soup version 0.29.1-2-gbd0b4ee654 (webtiles) character file.

Game seed: 9082376531141869177

17 mortz the Trooper (level 2, -1/20 HPs)
             Began as a Gargoyle Monk on Nov 4, 2022.
             Slain by Sigmund
             ... wielding a +3 vorpal scythe
              (4 damage)
             ... on level 1 of the Dungeon.
             The game lasted 00:02:47 (682 turns).

mortz the Trooper (Gargoyle Monk)                    Turns: 682, Time: 00:02:48

Health: -1/20      AC:  7    Str: 14    XL:     2   Next: 62%
Magic:  2/2        EV: 11    Int: 10    God:
Gold:   108        SH:  0    Dex: 12    Spells: 1/1 levels left

rFire   . . .      SeeInvis .   a - +0 mace
rCold   . . .      Faith    .   (no shield)
rNeg    + . .      Spirit   .   e - +0 ring mail
rPois   ∞          Reflect  .   (no helmet)
rElec   +          Harm     .   (no cloak)
rCorr   .          Rampage  .   (no gloves)
Will    .....                   (no boots)
Stlth   +.........              (no amulet)
HPRegen 0.06/turn               (no ring)
MPRegen 0.08/turn               (no ring)

@: no status effects
A: sickness immunity, AC +2, negative energy resistance 1, electricity
resistance, torment resistance 1, petrification resistance
a: no special abilities


You were on level 1 of the Dungeon.
You visited 1 branch of the dungeon, and saw 2 of its levels.

You collected 108 gold pieces.

Inventory:

Hand Weapons
 a - a +0 mace (weapon)
Missiles
 h - 8 stones (quivered)
Armour
 e - a +0 ring mail (worn)
Scrolls
 b - a scroll of noise {unknown}
 d - 3 scrolls of identify {unknown}
 g - a scroll of torment {unknown}
 i - a scroll of amnesia {unknown}
 l - a scroll of fear {unknown}
 m - a scroll of teleportation {unknown}
Potions
 c - a potion of ambrosia
 f - 3 potions of attraction {unknown}
 j - a potion of flight {unknown}
 k - a potion of lignification {unknown}


   Skills:
 + Level 3.7 Fighting
 + Level 3.3 Maces & Flails
 + Level 2.6 Dodging
 + Level 2.2 Stealth


You had one spell level left.
You didn't know any spells.
Your spell library contained the following spells:

 Spells                   Type           Power      Damage    Failure   Level
 Sandblast                Erth           0%         2d4       61%         1
 Passwall                 Tmut/Erth      0%         N/A       75%         2
 Stone Arrow              Conj/Erth      0%         3d7       93%         3


Dungeon Overview and Level Annotations

Branches:
Dungeon (2/15) Zot: 11305

Altars:

Annotations:
D:2 Sigmund


Innate Abilities, Weirdness & Mutations

You are immune to sickness and miasma.
Your stone body is resilient. (AC +2)
You are immune to poison.
You resist negative energy. (rN+)
You are resistant to electric shocks. (rElec)
You are resistant to unholy torment.
You are immune to petrification.


Message History

There is a stone staircase leading down here.
You climb downwards.
The hobgoblin shouts!
You hear a shout!
There is a stone staircase leading up here.
You hit the hobgoblin.
The hobgoblin is severely wounded.
Sigmund the Dreaded comes into view.
He is wielding a +3 vorpal scythe.
You hit the hobgoblin.
The hobgoblin is almost dead.
A frilled lizard comes into view.
The hobgoblin closely misses you.
The frilled lizard hisses angrily.
You hit the hobgoblin.
You kill the hobgoblin!
You closely miss the frilled lizard. The frilled lizard closely misses you.
Sigmund mumbles some strange words.
Sigmund flickers and vanishes!
Deactivating autopickup; reactivate with Ctrl-A.
The frilled lizard barely misses you.
You hear some strange, mumbled words.
You are confused.
In your confused state, you trip and fall back down the stairs.
The frilled lizard barely misses you.
In your confused state, you trip and fall back down the stairs.
You hear some strange, mumbled words.
Something tries to affect you, but you resist.
The frilled lizard closely misses you.
In your confused state, you trip and fall back down the stairs.
You feel less confused. The frilled lizard barely misses you.
The frilled lizard closely misses you. Something hits you.
You climb upwards.
Reactivating autopickup.
There is a stone staircase leading down here.
You barely miss the frilled lizard.
The frilled lizard completely misses you.
Something hits you!
Ouch! That really hurt!
* * * LOW HITPOINT WARNING * * *
You die...

#####..##
#.......##
#........##
##..###..#. ##.##
#.... ##..# ###..
#######..########.
#l........#...# #.
#@............###.
#.........#.......
#.................
#########.#...####
##.#...# #
#..######## ##.##
#.. ##..# #.#
#..## ##.#


You could see a frilled lizard.

Vanquished Creatures
  A dart slug (D:1)
  A giant cockroach (D:1)
  4 goblins (D:1)
  2 hobgoblins
  A kobold (D:1)
  2 ball pythons (D:1)
  A bat (D:1)
  A rat (D:1)
13 creatures vanquished.

Notes
Turn   | Place    | Note
-------+----------+-------------------------------------------
     0 | D:1      | mortz the Gargoyle Monk began the quest for the Orb.
     0 | D:1      | Reached XP level 1. HP: 14/14 MP: 1/1
   122 | D:1      | Reached XP level 2. HP: 17/19 MP: 2/2
   669 | D:2      | Noticed Sigmund
   682 | D:1      | Slain by Sigmund

Illustrated notes

Levels and vault maps discovered:
D:1:      dpeg_arrival_arbitrary_a, layout_rooms, patterned_corridor
D:2:      minmay_razor_zed, layout_basic, hellmonk_ecumenical_altar_lost_god,
          serial_shops, nicolae_shop_temple_entry_statues_fountains,
          uniq_sigmund

Action                   || total
-------------------------++-------
Melee: Mace              ||    45
 Stab: Sleeping          ||     1
Armor: Robe              ||    10
       Ring mail         ||     8
Dodge: Dodged            ||    32
